 Dungeon Crawl Stone Soup version 0.18-a0-1497-g788d838 (webtiles) character file.

130 Tomstefer the Insei (level 5, -2/28 HPs)
             Began as a Vine Stalker Monk on Mar 4, 2016.
             Slain by an orc
             ... wielding a +0 hand axe
              (5 damage)
             ... on level 3 of the Dungeon.
             The game lasted 00:05:31 (1721 turns).

Tomstefer the Insei (Vine Stalker Monk)             Turns: 1721, Time: 00:05:32

Health: -2/28      AC:  5    Str: 13    XL:     5   Next: 14%
Magic:  0/6        EV: 13    Int: 10    God:
Gold:   174        SH:  0    Dex: 18    Spells: 0 memorised, 4 levels left

rFire  . . .     SeeInvis .       - Unarmed
rCold  . . .     Gourm    .     c - +0 leather armour
rNeg   . . .     Faith    .     (no shield)
rPois  .         Spirit   +     p - +0 helmet
rElec  .         Dismiss  .     (no cloak)
rCorr  .         Reflect  .     (no gloves)
SustAt .         Harm     .     g - +0 pair of boots
MR     .....                    (no amulet)
Stlth  ++........               (no ring)
                                (no ring)

@: not resistant to hostile enchantments, unstealthy
A: fangs 2, regeneration 1, magic shield, antimagic bite, no device heal 3, rot
immunity
a: no special abilities


You were on level 3 of the Dungeon.
You were not hungry.

You visited 1 branch of the dungeon, and saw 3 of its levels.

You collected 174 gold pieces.

Inventory:

Armour
 a - a +0 robe
 c - a +0 leather armour (worn)
 g - a +0 pair of boots (worn)
 p - a +0 helmet (worn)
Jewellery
 j - an uncursed amulet of faith
Scrolls
 d - 6 scrolls of identify {unknown}
 h - a scroll of fog {unknown}
 i - 3 scrolls of remove curse {unknown}
 k - a scroll of enchant armour {unknown}
 s - a scroll of teleportation {unknown}
 t - 2 scrolls of random uselessness {unknown}
Potions
 e - a potion of resistance {unknown}
 l - a potion of lignification {unknown}
 m - 4 potions of curing {unknown}
 n - a potion of might {unknown}
 o - a potion of flight {unknown}
 r - a potion of beneficial mutation {unknown}
Comestibles
 b - 5 bread rations
 f - 9 chunks of flesh
 q - a meat ration
 u - a slice of pizza


   Skills:
 + Level 3.3 Fighting
 + Level 3.0 Dodging
 - Level 2.4 Stealth
 * Level 5.3 Unarmed Combat


You had 4 spell levels left.
You didn't know any spells.

Dungeon Overview and Level Annotations

Branches:
Dungeon (3/15)

Altars:


Innate Abilities, Weirdness & Mutations

You have extremely sharp teeth.
Your natural rate of healing is unusually fast.
When hurt, damage is shared between your health and your magic reserves.
Your bite disrupts and absorbs the magic of your enemies.
Potions and wands cannot restore your health.
You are immune to rotting.


Message History

You barely miss the orc priest. You bite the orc priest. You drain its power.
You feel invigorated.
The orc priest is severely wounded.
The orc priest barely misses you.
You hit the orc priest.
You bite the orc priest, but do no damage.
The orc priest is almost dead.
The orc hits you with a hand axe.
* * * LOW HITPOINT WARNING * * *
The orc priest hits you with a flail.
* * * LOW HITPOINT WARNING * * *
You hit the orc priest but do no damage.
The orc priest is almost dead.
The orc barely misses you.
You hit the orc priest.
You kill the orc priest!
Your Dodging skill increases to level 3!
You have reached level 5!
The orc hits you with a hand axe.
You die...

..##....#..# ##.# #.#
#.##.#.#### ##..# #.# #.
#......###...# #.# #
#..#.#..##..## #.#
....##........# #.# .####
#####...## #.# # #....#
#.# # ###.#..# #.###
#)@.##.########.#..
#o#......#........#
#.#........####.###
#.#.......#####.###
####.#......##........
####....#......##........
##.g.o####......##........
#.o#### #......##........
...####.#####
#..(...##........


You could see an orc.

Vanquished Creatures
  An orc priest (D:3)
  5 adders
  A worm (D:2)
  A giant gecko (D:1)
  An orc (D:3)
  4 giant cockroaches
  8 goblins
  5 hobgoblins
  3 jackals (D:2)
  A quokka (D:2)
  A ball python (D:1)
  8 bats
  6 giant newts
  4 kobolds
  6 rats
55 creatures vanquished.

Notes
Turn   | Place    | Note
--------------------------------------------------------------
     0 | D:1      | Tomstefer the Vine Stalker Monk began the quest for the Orb.
     0 | D:1      | Reached XP level 1. HP: 11/11 MP: 2/2
   204 | D:1      | Reached XP level 2. HP: 16/16 MP: 3/3
   863 | D:2      | Reached XP level 3. HP: 15/20 MP: 4/4
  1139 | D:2      | Reached XP level 4. HP: 21/24 MP: 5/5
  1466 | D:3      | Reached skill level 5 in Unarmed Combat
  1721 | D:3      | Reached XP level 5. HP: 3/28 MP: 1/6
  1721 | D:3      | Slain by an orc

Vault maps used:
D:1:      dpeg_arrival_line_fractal
D:2:      hangedman_decor_clover_reticule
D:3:      lemuel_round_altar, ecumenical_altar_2

Skill      XL: |  1  2  3  4 |
---------------+-------------+-----
Fighting       | 3 |  3.3
Unarmed Combat | 5 |  5.3
Dodging        | 3 |  3.0
Stealth        | |  2.4

Action                   |  1- 3 |  4- 6 || total
-------------------------+-------+-------++-------
Melee: Unarmed           |    93 |    57 ||   150
 Stab: Sleeping          |     8 |     4 ||    12
       Distracted        |     1 |       ||     1
  Eat: Chunk             |     1 |     2 ||     3
